 Dungeon Crawl Stone Soup version 0.30-a0-948-g4fa250aae5 (webtiles) character file.

Game seed: 6276408146368239651

771 Shard1697 the Cudgeller (level 7, 0/52 HPs)
             Began as a Demonspawn Fighter on Mar 27, 2023.
             Was an Initiate of Gozag.
             Slain by a sky beast (4 damage)
             ... on level 6 of the Dungeon.
             The game lasted 00:04:24 (2636 turns).

Shard1697 the Cudgeller (Demonspawn Fighter)        Turns: 2636, Time: 00:04:25

Health: 0/52       AC: 17    Str: 18    XL:     7   Next: 53%
Magic:  7/7        EV: 14    Int: 10    God:    Gozag
Gold:   172        SH:  8    Dex: 12    Spells: 6/6 levels left

rFire   . . .      SeeInvis .    o - +2 hammer (protect)
rCold   + . .      Faith    .    c - +0 buckler
rNeg    . . .      Spirit   .    l - +2 scale mail {rC+}
rPois   .          Reflect  .    (helmet restricted)
rElec   .          Rampage  .    n - +0 cloak
rCorr   .                        i - +0 pair of gloves
Will    .....                    (no boots) Stlth
                                 (no amulet)
HPRegen 0.28/turn                (no ring)
MPRegen 0.10/turn                (no ring)

@: mighty, agile, gold aura, under a protective aura
A: horns 1, large bone plates 1, powered by pain 2
a: Renounce Religion, Potion Petition, Call Merchant, Bribe Branch


You were on level 6 of the Dungeon.
You worshipped Gozag.
Gozag was aware of your devotion.
You visited 1 branch of the dungeon, and saw 4 of its levels.

You collected 222 gold pieces.
You paid 50 gold pieces to Gozag.

Inventory:

Hand Weapons
 a - a +0 flail
 o - a +2 hammer of protection (weapon)
Armour
 c - a +0 buckler (worn)
 i - a +0 pair of gloves (worn)
 l - a +2 scale mail of cold resistance (worn)
 n - a +0 cloak (worn)
Wands
 m - a wand of flame (10)
Scrolls
 b - a scroll of teleportation {unknown}
 f - 3 scrolls of enchant armour {unknown}
 j - a scroll of immolation {unknown}
 k - a scroll of poison {unknown}
 p - a scroll of acquirement {unknown}
 s - 2 scrolls of blinking {unknown}
 t - a scroll of noise {unknown}
Potions
 d - a potion of might
 e - a potion of magic {unknown}
 g - a potion of berserk rage {unknown}
 h - 3 potions of curing {unknown}
 r - a potion of haste {unknown}
 u - a potion of attraction {unknown}


   Skills:
 - Level 3.0 Fighting
 + Level 7.9 Maces & Flails
 - Level 2.6 Armour
 - Level 2.6 Shields


You had 6 spell levels left.
You didn't know any spells.
Your spell library was empty.

Dungeon Overview and Level Annotations

Branches:
Dungeon (6/15)             Temple (0/1) D:6

Altars:
Gozag


Innate Abilities, Weirdness & Mutations

You have a pair of small horns on your head.
You are partially covered in large bone plates. (SH +4)
You sometimes gain power by taking damage.


Message History

Reactivating autopickup.
You block the sky beast's attack.
You barely miss the yak. The yak gores you. You block the sky beast's attack.
You barely miss the yak. The sky beast barely misses you.
You block the yak's attack.
You sock the yak!
The yak is moderately wounded.
You block the sky beast's attack. The yak gores you!
The orc priest calls down the wrath of Beogh upon you.
Beogh smites you!
* * * LOW HITPOINT WARNING * * *
You focus on the pain.
You feel mightier all of a sudden. You block the sky beast's attack.
The yak gores you but does no damage.
You hit the yak.
The yak is heavily wounded.
The yak gores you.
* * * LOW HITPOINT WARNING * * *
The sky beast flickers out of sight!
Deactivating autopickup; reactivate with Ctrl-A.
Something hits you but does no damage.
You closely miss the yak.
The yak is heavily wounded.
The yak closely misses you. Something hits you but does no damage.
You barely miss the yak.
The yak is heavily wounded.
The yak gores you but does no damage. Something hits you but does no damage.
You closely miss the yak.
The yak is heavily wounded.
The yak misses you. Something hits you but does no damage.
The orc is distracted by your dazzling golden aura.
The orc shouts!
You sock the yak!
The yak is almost dead.
The yak barely misses you. Something hits you but does no damage.
You completely miss the yak. You headbutt the yak.
You kill the yak!
Something hits you.
You die...
Your body crumbles into a pile of gold.

### . #># ...## #.#
##########
......####.###........#
.....Fo{@s............#
.....o####...#........#
..... #............#
...# ###..........# ..
#..........# .
###..#.###.#
.o..#.###.###
.##...........
....#....(##


You could see a bullfrog, a scorpion, an orc priest and an orc.

Vanquished Creatures
  A yak (D:6)
  An orc warrior (D:6)
  A black bear (D:6)
  An ice beast (D:6)
  An ogre (D:6)
  A kobold brigand (D:6)
  A bullfrog (D:6)
  A scorpion (D:6)
  An orc priest (D:6)
  Crazy Yiuf (D:2)
  Terence (D:2)
  An orc wizard (D:6)
  2 adders (D:2)
  A white imp (D:6)
  4 dart slugs
  3 orcs (D:6)
  7 endoplasms
  11 giant cockroaches
  6 goblins
  4 hobgoblins
  11 jackals
  5 kobolds
  A quokka (D:1)
  5 ball pythons
  6 bats
  6 frilled lizards
  4 rats
88 creatures vanquished.

Notes
Turn   | Place    | Note
-------+----------+-------------------------------------------
     0 | D:1      | Shard1697 the Demonspawn Fighter began the quest for the
                  | Orb.
     0 | D:1      | Reached XP level 1. HP: 18/18 MP: 1/1
    96 | D:1      | Reached skill level 2 in Maces & Flails
   176 | D:1      | Gained mutation: You are partially covered in large bone
                  | plates. (SH +4) [demonic ancestry]
   176 | D:1      | Reached XP level 2. HP: 24/24 MP: 2/2
   392 | D:1      | Reached skill level 3 in Maces & Flails
   501 | D:1      | Reached XP level 3. HP: 29/29 MP: 3/3
  1217 | D:2      | Gained mutation: You sometimes gain a little power by
                  | taking damage. [demonic ancestry]
  1217 | D:2      | Reached XP level 4. HP: 35/35 MP: 4/4
  1243 | D:2      | Noticed Terence
  1251 | D:2      | Reached skill level 4 in Maces & Flails
  1259 | D:2      | Killed Terence
  1568 | D:2      | Found a runed translucent door.
  1569 | D:2      | Noticed Crazy Yiuf
  1579 | D:2      | Killed Crazy Yiuf
  1580 | D:2      | Gained mutation: You have a pair of small horns on your
                  | head. [demonic ancestry]
  1580 | D:2      | Reached XP level 5. HP: 11/41 MP: 5/5
  2018 | D:3      | Found an opulent altar of Gozag.
  2027 | D:3      | Became a worshipper of Gozag Ym Sagoz the Greedy
  2083 | D:3      | Reached skill level 5 in Maces & Flails
  2088 | D:3      | You fall into a shaft and drop 3 floors!
  2232 | D:6      | Found a staircase to the Ecumenical Temple.
  2326 | D:6      | Noticed an ice beast
  2341 | D:6      | Killed an ice beast
  2342 | D:6      | Reached skill level 6 in Maces & Flails
  2342 | D:6      | Gained mutation: You sometimes gain power by taking damage.
                  | [demonic ancestry]
  2342 | D:6      | Reached XP level 6. HP: 40/47 MP: 6/6
  2542 | D:6      | Reached skill level 7 in Maces & Flails
  2542 | D:6      | Reached XP level 7. HP: 39/52 MP: 7/7
  2613 | D:6      | Noticed a yak
  2631 | D:6      | HP: 2/52 [yak (4)]
  2636 | D:6      | Killed a yak
  2636 | D:6      | Slain by a sky beast

Illustrated notes

Levels and vault maps discovered:
D:1:      dpeg_arrival_signposts, layout_loops_cross, serial_rivers,
          chequers_serial_rivers_small_b, chequers_serial_rivers_micro_e,
          chequers_serial_rivers_large_a, chequers_serial_rivers_room_a,
          chequers_serial_rivers_small_a
D:2:      minmay_roachtagon, layout_loops_ring, uniq_crazy_yiuf_cottage,
          uniq_terence
D:3:      layout_basic, nicolae_overflow_crystal_walls,
          gammafunk_ghost_necromancy
D:6:      layout_basic, lemuel_temple_firewalk_b, minmay_manual_monolith,
          uniq_menkaure

Skill      XL: |  1  2  3  4  5  6 |
---------------+-------------------+-----
Maces & Flails | 2 3 4 6 7 |  7.9
Fighting       | |  3.0
Armour         | |  2.6
Shields        | |  2.6

Action                     |  1- 3 |  4- 6 |  7- 9 || total
---------------------------+-------+-------+-------++-------
  Melee: Flail             |   125 |    33 |       ||   158
         Mace              |       |    97 |    29 ||   126
         Headbutt          |       |    12 |     5 ||    17
    Use: Potion            |       |     1 |     2 ||     3
 Armour: Scale mail        |    67 |    65 |    13 ||   145
  Dodge: Dodged            |    64 |    39 |    11 ||   114
  Block: Buckler           |    52 |    62 |     9 ||   123

Table legend: (Time is in decaauts)
 A = Elapsed time spent in this place.
 B = Non-inter-level travel time spent in this place.
 C = Inter-level travel time spent in this place.
 D = Time resting spent in this place.
 E = Time spent auto-exploring this place.
 F = Levels seen in this place.
 G = Mean time per level.
                   A        B        C        D        E       F      G
               +--------+--------+--------+--------+--------+-----+--------+
         Total |   2710 |   2642 |     68 |    215 |   1783 |   4 |  677.5 |
       Dungeon |   2710 |   2642 |     68 |    215 |   1783 |   4 |  677.5 |
               +--------+--------+--------+--------+--------+-----+--------+

Top non-repeatable levels by time:
     D:2: 1025 daAuts
     D:1: 982 daAuts
     D:6: 558 daAuts
     D:3: 143 daAuts
